% Time on Ice - SAN FRANCISCO SPIDERS
Lines # - Real PCT - Wanted PCT - Time Play
Normal Forward
1 - 28% - 30% - 10:58
2 - 33% - 30% - 13:02
3 - 18% - 20% - 7:12
4 - 21% - 20% - 8:22
Normal Defense
1 - 41% - 36% - 16:05
2 - 28% - 31% - 11:13
3 - 29% - 23% - 11:37
4 - 2% - 10% - 0:39
PP Forward
1 - 56% - 55% - 5:17
2 - 44% - 45% - 4:11
PP Defense
1 - 52% - 55% - 4:54
2 - 48% - 45% - 4:34
PK Forward
1 - 70% - 55% - 6:16
2 - 30% - 45% - 2:43
PK Defense
1 - 45% - 55% - 4:03
2 - 55% - 45% - 4:56
PK3 Forward
1 - 0% - 55%
2 - 0% - 45%
PK3 Defense
1 - 0% - 55%
2 - 0% - 45%
44 Forward
1 - 61% - 55% - 1:13
2 - 39% - 45% - 0:46
44 Defense
1 - 53% - 55% - 1:03
2 - 47% - 45% - 0:56
Last Minute Offensive  - 0:00
Last Minute Defensive  - 0:00
Total
Forward - 60:00
Defense - 60:00
% Time on Ice - VANCOUVER VOODOO
Lines # - Real PCT - Wanted PCT - Time Play
Normal Forward
1 - 34% - 36% - 13:17
2 - 29% - 31% - 11:31
3 - 17% - 23% - 6:46
4 - 20% - 10% - 8:00
Normal Defense
1 - 35% - 36% - 13:48
2 - 27% - 33% - 10:43
3 - 30% - 31% - 11:44
4 - 8% - 0% - 3:19
PP Forward
1 - 52% - 50% - 4:38
2 - 48% - 50% - 4:21
PP Defense
1 - 48% - 50% - 4:19
2 - 52% - 50% - 4:40
PK Forward
1 - 49% - 50% - 4:37
2 - 51% - 50% - 4:51
PK Defense
1 - 52% - 50% - 4:56
2 - 48% - 50% - 4:32
PK3 Forward
1 - 0% - 50%
2 - 0% - 50%
PK3 Defense
1 - 0% - 50%
2 - 0% - 50%
44 Forward
1 - 71% - 55% - 1:25
2 - 29% - 45% - 0:34
44 Defense
1 - 57% - 50% - 1:08
2 - 43% - 50% - 0:51
Last Minute Offensive  - 0:00
Last Minute Defensive  - 0:00
Total
Forward - 60:00
Defense - 60:00
Play-by-Play 1st period 0:01 of 1st period - Mikael Backlund wins face-off versus Calle Jarnkrok in neutral zone. 0:25 of 1st period - Icing by Nate Schmidt. 0:26 of 1st period - Calle Jarnkrok wins face-off versus Joel Armia in SAN FRANCISCO SPIDERS zone. 0:45 of 1st period - Shot by Joel Armia. 0:45 of 1st period - Goal by Joel Armia - SAN FRANCISCO SPIDERS : 0 - VANCOUVER VOODOO : 1. 0:46 of 1st period - Erik Haula wins face-off versus Bryan Little in neutral zone. 0:46 of 1st period - Erik Haula is hit by Andrew Shaw. 1:13 of 1st period - Shot by Bryan Little. 1:13 of 1st period - Shot Blocked by Jordan Oesterle. 1:19 of 1st period - Andrew Shaw is hit by Erik Haula and loses puck. 1:26 of 1st period - Shot by Erik Haula. 1:26 of 1st period - Stopped by Carey Price without a rebound. 1:27 of 1st period - Filip Chlapik wins face-off versus Danton Heinen in VANCOUVER VOODOO zone. 1:46 of 1st period - Mike Green is hit by Danton Heinen and loses puck. 1:58 of 1st period - Paul Byron is hit by Jordan Schmaltz and loses puck. 2:01 of 1st period - Shot by Max Jones. 2:01 of 1st period - Deflect By Paul Byron. 2:01 of 1st period - Shot Misses the Net. 2:04 of 1st period - Max Jones is hit by Jordan Schmaltz and loses puck. 2:15 of 1st period - Shot by Mikael Backlund. 2:15 of 1st period - Shot Misses the Net. 2:21 of 1st period - Shot by Noel Acciari. 2:21 of 1st period - Shot Blocked by Karl Alzner. 2:36 of 1st period - Off-side. 2:37 of 1st period - Kirby Dach wins face-off versus Jared McCann in neutral zone. 3:15 of 1st period - Shot by Alexander Kerfoot. 3:15 of 1st period - Stopped by Carey Price without a rebound. 3:16 of 1st period - Mikael Backlund wins face-off versus Erik Haula in VANCOUVER VOODOO zone. 3:39 of 1st period - Shot by Mikael Backlund. 3:39 of 1st period - Shot Misses the Net. 3:41 of 1st period - Shot by Noel Acciari. 3:41 of 1st period - Goal by Noel Acciari - SAN FRANCISCO SPIDERS : 0 - VANCOUVER VOODOO : 2. 3:42 of 1st period - Calle Jarnkrok wins face-off versus Bryan Little in neutral zone. 3:51 of 1st period - Shot by Andrei Svechnikov. 3:51 of 1st period - Shot Blocked by Slater Koekkoek. 4:06 of 1st period - Icing by Slater Koekkoek. 4:07 of 1st period - Bryan Little wins face-off versus Kirby Dach in VANCOUVER VOODOO zone. 4:41 of 1st period - Shot by Nico Sturm. 4:41 of 1st period - Stopped by Carey Price without a rebound. 4:42 of 1st period - Jared McCann wins face-off versus Erik Haula in VANCOUVER VOODOO zone. 4:49 of 1st period - Shot by Joel Armia. 4:49 of 1st period - Stopped by Igor Shesterkin without a rebound. 4:50 of 1st period - Calle Jarnkrok wins face-off versus Mikael Backlund in SAN FRANCISCO SPIDERS zone. 5:10 of 1st period - Andrei Svechnikov is hit by Brendan Lemieux and loses puck. 5:11 of 1st period - Minor Penalty to Brendan Lemieux for Roughing. 5:12 of 1st period - Noel Acciari wins face-off versus Alex Chiasson in VANCOUVER VOODOO zone. 5:18 of 1st period - Icing by Alex Chiasson. 5:19 of 1st period - Andrew Shaw wins face-off versus Erik Haula in SAN FRANCISCO SPIDERS zone. 6:13 of 1st period - Shot by Artturi Lehkonen. 6:13 of 1st period - Stopped by Igor Shesterkin without a rebound. 6:14 of 1st period - Noel Acciari wins face-off versus Calle Jarnkrok in SAN FRANCISCO SPIDERS zone. 6:15 of 1st period - Shot by Joel Armia. 6:15 of 1st period - Shot Blocked by Tyler Myers. 6:18 of 1st period - Icing by Tyler Myers. 6:19 of 1st period - Calle Jarnkrok wins face-off versus Noel Acciari in SAN FRANCISCO SPIDERS zone. 6:19 of 1st period - Calle Jarnkrok is hit by Noel Acciari. 7:02 of 1st period - Shot by Calle Jarnkrok. 7:02 of 1st period - Shot Misses the Net. 7:04 of 1st period - Shot by Tyler Myers. 7:04 of 1st period - Shot Misses the Net. 7:44 of 1st period - Shot by Jared McCann. 7:44 of 1st period - Goal by Jared McCann - SAN FRANCISCO SPIDERS : 0 - VANCOUVER VOODOO : 3. 7:45 of 1st period - Mikael Backlund wins face-off versus Kirby Dach in neutral zone. 7:53 of 1st period - Mikael Backlund is hit by Michael Stone and loses puck. 7:58 of 1st period - Shot by Mikael Backlund. 7:58 of 1st period - Stopped by Igor Shesterkin without a rebound. 7:59 of 1st period - Bryan Little wins face-off versus Alex Chiasson in SAN FRANCISCO SPIDERS zone. 7:59 of 1st period - Andrew Shaw is hit by Tyler Myers and loses puck. 8:05 of 1st period - Mike Hoffman is hit by Andrew Shaw. 8:08 of 1st period - Minor Penalty to Mike Hoffman for Holding. 8:09 of 1st period - Bryan Little wins face-off versus Danton Heinen in SAN FRANCISCO SPIDERS zone. 8:22 of 1st period - Shot by Brendan Lemieux. 8:22 of 1st period - Deflect By Artturi Lehkonen. 8:22 of 1st period - Shot Misses the Net. 8:45 of 1st period - Shot by Andrei Svechnikov. 8:45 of 1st period - Stopped by Carey Price without a rebound. 8:46 of 1st period - Andrew Shaw wins face-off versus Calle Jarnkrok in VANCOUVER VOODOO zone. 8:53 of 1st period - Shot by Calle Jarnkrok. 8:53 of 1st period - Stopped by Carey Price without a rebound. 8:54 of 1st period - Andrew Shaw wins face-off versus Danton Heinen in VANCOUVER VOODOO zone. 9:15 of 1st period - Erik Haula is hit by Andrew Shaw and loses puck. 9:53 of 1st period - Shot by Brendan Lemieux. 9:53 of 1st period - Shot Blocked by Nate Schmidt. 9:55 of 1st period - Shot by Danny DeKeyser. 9:55 of 1st period - Shot Misses the Net. 9:57 of 1st period - Shot by Brendan Lemieux. 9:57 of 1st period - Shot Blocked by Nate Schmidt. 9:59 of 1st period - Shot by Artturi Lehkonen. 9:59 of 1st period - Stopped by Igor Shesterkin with a rebound. 10:01 of 1st period - Shot by Mike Green. 10:01 of 1st period - Stopped by Igor Shesterkin without a rebound. 10:02 of 1st period - Bryan Little wins face-off versus Danton Heinen in SAN FRANCISCO SPIDERS zone. 10:58 of 1st period - Shot by Mike Hoffman. 10:58 of 1st period - Stopped by Carey Price without a rebound. 10:59 of 1st period - Mikael Backlund wins face-off versus Andrei Svechnikov in VANCOUVER VOODOO zone. 11:18 of 1st period - Shot by Noel Acciari. 11:18 of 1st period - Stopped by Igor Shesterkin without a rebound. 11:19 of 1st period - Erik Haula wins face-off versus Jared McCann in SAN FRANCISCO SPIDERS zone. 11:32 of 1st period - Shot by Jared McCann. 11:32 of 1st period - Deflect By Joel Armia. 11:32 of 1st period - Shot Misses the Net. 11:52 of 1st period - Shot by Alex Chiasson. 11:52 of 1st period - Shot Blocked by Joel Armia. 11:54 of 1st period - Shot by Alex Chiasson. 11:54 of 1st period - Stopped by Carey Price without a rebound. 11:55 of 1st period - Mikael Backlund wins face-off versus Calle Jarnkrok in VANCOUVER VOODOO zone. 11:55 of 1st period - Mikael Backlund is hit by Milan Lucic. 12:07 of 1st period - Shot by Brendan Lemieux. 12:07 of 1st period - Shot Blocked by Nate Schmidt. 12:29 of 1st period - Shot by Milan Lucic. 12:29 of 1st period - Stopped by Carey Price with a rebound. 12:53 of 1st period - Artturi Lehkonen is hit by Milan Lucic and loses puck. 13:02 of 1st period - Shot by Artturi Lehkonen. 13:02 of 1st period - Stopped by Igor Shesterkin without a rebound. 13:02 of 1st period - Minor Penalty to Tyler Myers for Hooking. 13:03 of 1st period - Andrew Shaw wins face-off versus Mike Hoffman in SAN FRANCISCO SPIDERS zone. 13:16 of 1st period - Shot by Andrew Shaw. 13:16 of 1st period - Stopped by Igor Shesterkin without a rebound. 13:17 of 1st period - Andrei Svechnikov wins face-off versus Bryan Little in SAN FRANCISCO SPIDERS zone. 14:57 of 1st period - Shot by Artturi Lehkonen. 14:57 of 1st period - Stopped by Igor Shesterkin without a rebound. 14:58 of 1st period - Bryan Little wins face-off versus Mike Hoffman in SAN FRANCISCO SPIDERS zone. 15:21 of 1st period - Shot by Max Jones. 15:21 of 1st period - Shot Misses the Net. 15:23 of 1st period - Shot by Filip Chlapik. 15:23 of 1st period - Stopped by Igor Shesterkin without a rebound. 15:24 of 1st period - Danton Heinen wins face-off versus Jared McCann in SAN FRANCISCO SPIDERS zone. 15:24 of 1st period - Danton Heinen is hit by Blake Comeau. 15:50 of 1st period - Shot by Jared McCann. 15:50 of 1st period - Stopped by Igor Shesterkin without a rebound. 15:51 of 1st period - Mikael Backlund wins face-off versus Erik Haula in SAN FRANCISCO SPIDERS zone. 16:31 of 1st period - Shot by Mike Hoffman. 16:31 of 1st period - Stopped by Carey Price without a rebound. 16:32 of 1st period - Jared McCann wins face-off versus Calle Jarnkrok in VANCOUVER VOODOO zone. 17:22 of 1st period - Off-side. 17:23 of 1st period - Bryan Little wins face-off versus Danton Heinen in neutral zone. 17:27 of 1st period - Icing by Jordan Oesterle. 17:28 of 1st period - Mikael Backlund wins face-off versus Danton Heinen in SAN FRANCISCO SPIDERS zone. 17:49 of 1st period - Shot by Mikael Backlund. 17:49 of 1st period - Stopped by Igor Shesterkin without a rebound. 17:50 of 1st period - Erik Haula wins face-off versus Artturi Lehkonen in SAN FRANCISCO SPIDERS zone. 17:56 of 1st period - Bryan Little is hit by Tyler Myers and loses puck. 18:46 of 1st period - Icing by Nate Schmidt. 18:47 of 1st period - Mikael Backlund wins face-off versus Erik Haula in SAN FRANCISCO SPIDERS zone. 18:47 of 1st period - Mikael Backlund is hit by Tyler Myers. 19:02 of 1st period - Noel Acciari is hit by Nate Schmidt and loses puck. 19:21 of 1st period - Shot by Noel Acciari. 19:21 of 1st period - Shot Blocked by Michael Stone. 19:50 of 1st period - Shot by Calle Jarnkrok. 19:50 of 1st period - Deflect By Andrei Svechnikov. 19:50 of 1st period - Shot Blocked by Slater Koekkoek. Goals for this period are 0 for SAN FRANCISCO SPIDERS vs 3 for VANCOUVER VOODOO. Shots for this period are 9 for SAN FRANCISCO SPIDERS vs 15 for VA